 Dungeon Crawl Stone Soup version 0.29.0-4-gdea44cf6ec (webtiles) character file.

Game seed: 6582798396602232979

9841 qw the Brawler (level 11, -3/105 HPs)
             Began as a Troll Cinder Acolyte on Sept 1, 2022.
             Was an Initiate of Okawaru.
             Slain by a 12-headed hydra (13 damage)
             ... on level 2 of the Lair of Beasts.
             The game lasted 00:04:21 (8622 turns).

qw the Brawler (Troll Cinder Acolyte)               Turns: 8622, Time: 00:04:22

Health: -3/105     AC: 16    Str: 34    XL:     11   Next: 28%
Magic:  11/11      EV:  8    Int: 10    God:    Okawaru [......]
Gold:   673        SH:  0    Dex: 12    Spells: 12/12 levels left

rFire   x . .      SeeInvis .     - Unarmed
rCold   + + +      Faith    .   (no shield)
rNeg    . . .      Spirit   .   f - +3 ice dragon scales
rPois   .          Reflect  .   (helmet restricted)
rElec   .          Harm     .   l - +0 cloak
rCorr   +          Rampage  .   (gloves unavailable)
Will    .....                   (boots unavailable)
Stlth   ..........              (no amulet)
HPRegen 1.07/turn               q - ring "Nytifeoq" {rC+ Will- rCorr Dex+7}
MPRegen 0.12/turn               i - +6 ring of strength

@: about to teleport
A: large, unfitting armour, claws 3, regeneration 1, shaggy fur 1, tough skin 1
a: Renounce Religion


You were on level 2 of the Lair of Beasts.
You worshipped Okawaru.
Okawaru was noncommittal.
You visited 2 branches of the dungeon, and saw 10 of its levels.

You collected 673 gold pieces.


Innate Abilities, Weirdness & Mutations

You are too large for most types of armour.
You have claws for hands.
Your natural rate of healing is unusually fast.
You are covered in fur. (AC +1)
You have tough skin. (AC +1)


   Skills:
 - Level 6.0 Fighting
 - Level 3.4 Throwing
 - Level 4.2 Armour
 + Level 1.3 Dodging
 - Level 15.1 Unarmed Combat
 - Level 1.0 Spellcasting
 - Level 2.1 Fire Magic


You had 12 spell levels left.
You didn't know any spells.
Your spell library contained the following spells:

 Spells                   Type           Power      Damage    Failure   Level
 Scorch                   Fire           8%         2d5       41%         2

Inventory:

Missiles
 n - a boomerang (quivered)
 p - a javelin
Armour
 e - +0 acid dragon scales
 f - +3 ice dragon scales (worn)
 l - a +0 cloak (worn)
Jewellery
 i - a +6 ring of strength (right claw)
 q - the ring "Nytifeoq" (left claw) {rC+ Will- rCorr Dex+7}
   (You found it on level 1 of the Lair of Beasts)

   [ring of resist corrosion]

   Dex:       It affects your dexterity (+7).
   rC:        It protects you from cold.
   rCorr:     It protects you from acid and corrosion.
   Will:      It decreases your willpower.
Scrolls
 a - 2 scrolls of teleportation
 k - a scroll of identify
Potions
 d - a potion of might
 g - 4 potions of heal wounds
 h - 4 potions of curing
 j - a potion of magic {unknown}
 m - a potion of resistance {unknown}

Dungeon Overview and Level Annotations

Branches:
Dungeon (8/15)             Temple (0/1) D:4            Lair (2/5) D:8
  Swamp: Lair:2-3    Shoals: Lair:2-3     Snake: Lair:2-3    Spider: Lair:2-3

Altars:
Elyvilon
Fedhas
Gozag
Hepliaklqana
Okawaru
Qazlal
Trog
Vehumet
Wu Jian
Zin

Annotations:
Lair:2 Fannar


Message History

The eight-headed hydra grows two more!
You scratch the ten-headed hydra.
The ten-headed hydra is moderately wounded.
The ten-headed hydra barely misses you. x2
The ten-headed hydra bites you but does no damage.
The ten-headed hydra bites you.
The ten-headed hydra bites you but does no damage.
The ten-headed hydra bites you. The ten-headed hydra bites you!
The ten-headed hydra closely misses you. x2
The ten-headed hydra bites you but does no damage.
8617 ||| Stepping ~*~*~tactically~*~*~ (outnumbered).
The yak attacks as you move away! The yak closely misses you.
Found 14 gold pieces.
Fannar hits you with a +0 quarterstaff of freezing.
8618 ||| Stepping ~*~*~tactically~*~*~ (outnumbered).
The yak attacks as you move away! The yak gores you but does no damage.
Fannar hits you but does no damage.
8619 ||| Stepping ~*~*~tactically~*~*~ (outnumbered).
Fannar attacks as you move away!
Fannar hits you with a +0 quarterstaff of freezing.
Found a scroll of identify.
You rip one of the ten-headed hydra's heads off!
The nine-headed hydra grows two more!
You scratch the 11-headed hydra.
The 11-headed hydra is lightly wounded.
You claw one of the 11-headed hydra's heads off!
The ten-headed hydra grows two more!
You claw the 12-headed hydra! x2
The 12-headed hydra is moderately wounded.
Fannar gestures wildly while chanting.
The 12-headed hydra bites you but does no damage.
The 12-headed hydra bites you. The 12-headed hydra barely misses you.
The 12-headed hydra bites you. The 12-headed hydra bites you!
The 12-headed hydra closely misses you.
The 12-headed hydra bites you but does no damage.
The 12-headed hydra barely misses you. The 12-headed hydra bites you!
The 12-headed hydra bites you but does no damage.
The 12-headed hydra bites you! x2
8622 ||| READING 3 scrolls of teleportation.
As you read the scroll of teleportation, it crumbles to dust.
You feel strangely unstable. The 12-headed hydra barely misses you.
The 12-headed hydra bites you!
You die...

#..##...#..##
#.$.........#
##..#.....#...
#...#.7Y7..# .
#.......Y..#..#
+..#...e......+
#. #YY.Y...#..#
#...#D7.7.#....
##....@.......#
#.............
...#..#...##..#
...P#..#.#.#
.#.. ...
#....... ##. .
.##...... .+
..+##.. ?. ....
...


You could see Fannar, a 12-headed hydra, 4 yaks and an ice beast (summoned).

Vanquished Creatures
  A fire dragon (Lair:1)
  A boulder beetle (Lair:1)
  A two-headed ogre (D:5)
  4 cane toads (Lair:1)
  2 komodo dragons (Lair:1)
  An unseen horror (D:8)
  A troll (D:5)
  A hornet (D:6)
  Sigmund (D:6)
  7 yaks (Lair:1)
  Eustachio (D:6)
  A steam dragon (Lair:1)
  An acid dragon (D:8)
  6 water moccasins
  A black bear (D:8)
  3 ice beasts
  5 orc warriors
  2 ogres
  2 phantoms
  A centaur (D:6)
  5 bullfrogs
  2 scorpions
  7 wights
  10 killer bees
  2 electric eels (Lair:1)
  A jelly (D:6)
  6 orc priests
  A hound (D:5)
  A gnoll bouda (D:4)
  8 iguanas
  8 orc wizards
  A statue (D:4)
  12 gnolls
  16 adders
  A shadow imp (D:4)
  3 ufetubi
  4 worms
  4 dart slugs
  37 orcs
  8 ball pythons
  3 bats
  2 endoplasms
  A giant cockroach (D:3)
  8 goblins
  5 hobgoblins
  4 quokkas
  A frilled lizard (D:1)
  7 kobolds
  2 rats
213 creatures vanquished.

Vanquished Creatures (others)
  2 fungi
  20 plants
22 creatures vanquished.

Grand Total: 235 creatures vanquished

Notes
Turn   | Place    | Note
-------+----------+-------------------------------------------
     0 | D:1      | qw the Troll Cinder Acolyte began the quest for the Orb.
     0 | D:1      | Reached XP level 1. HP: 22/22 MP: 1/1
     0 | D:1      | 0 ||| qw: Version: 0.1-a-97-g2dd2ca4
     0 | D:1      | 0 ||| qw: Game counter: 4803
     0 | D:1      | 0 ||| qw: Always use a shield: true
     0 | D:1      | 0 ||| qw: God list: Okawaru
     0 | D:1      | 0 ||| qw: Allow faded altars: false
     0 | D:1      | 0 ||| qw: Do Orc after D:15 true
     0 | D:1      | 0 ||| qw: Do second Lair branch before Depths: true
     0 | D:1      | 0 ||| qw: Lair rune preference: random
     0 | D:1      | 0 ||| qw: Plans: Normal
     0 | D:1      | 0 ||| PLANNING D:1-11
   107 | D:1      | 107 ||| Stepping ~*~*~tactically~*~*~ (hiding).
   108 | D:1      | 108 ||| Stepping ~*~*~tactically~*~*~ (hiding).
   207 | D:1      | Reached XP level 2. HP: 29/29 MP: 2/2
   352 | D:1      | Reached skill level 4 in Unarmed Combat
   638 | D:1      | 638 ||| READING scroll labelled NAICUN AHOSTROY.
   639 | D:1      | 639 ||| READING scroll labelled CIPUWULYTT.
   640 | D:1      | 640 ||| READING scroll labelled JASYAHI MYWEO.
   658 | D:2      | 658 ||| Stepping ~*~*~tactically~*~*~ (outnumbered).
   709 | D:2      | 709 ||| Stepping ~*~*~tactically~*~*~ (stealth).
   710 | D:2      | 710 ||| Stepping ~*~*~tactically~*~*~ (stealth).
   711 | D:2      | 711 ||| Stepping ~*~*~tactically~*~*~ (stealth).
   712 | D:2      | 712 ||| Stepping ~*~*~tactically~*~*~ (stealth).
   713 | D:2      | 713 ||| Stepping ~*~*~tactically~*~*~ (stealth).
   714 | D:2      | 714 ||| Stepping ~*~*~tactically~*~*~ (stealth).
   722 | D:2      | Reached XP level 3. HP: 36/36 MP: 3/3
   807 | D:2      | 807 ||| Stepping ~*~*~tactically~*~*~ (stealth).
   908 | D:2      | 908 ||| Stepping ~*~*~tactically~*~*~ (stealth).
  1009 | D:2      | Reached skill level 5 in Unarmed Combat
  1009 | D:2      | Reached XP level 4. HP: 44/44 MP: 4/4
  1091 | D:2      | 1091 ||| Stepping ~*~*~tactically~*~*~ (stealth).
  1223 | D:2      | 1223 ||| Stepping ~*~*~tactically~*~*~ (stealth).
  1270 | D:2      | 1270 ||| Stepping ~*~*~tactically~*~*~ (stealth).
  1591 | D:2      | 1591 ||| UPGRADING to ring of resist corrosion.
  1592 | D:2      | 1592 ||| READING scroll labelled NUH CIATABIHE.
  1593 | D:2      | 1593 ||| DRINKING 2 bubbling cyan potions.
  1636 | D:3      | Found an opulent altar of Gozag.
  1960 | D:3      | Found a hazy altar of Hepliaklqana.
  1988 | D:3      | 1988 ||| Stepping ~*~*~tactically~*~*~ (stealth).
  1994 | D:3      | 1994 ||| Stepping ~*~*~tactically~*~*~ (hiding).
  2002 | D:3      | Reached XP level 5. HP: 47/50 MP: 5/5
  2083 | D:3      | Found a blossoming altar of Fedhas.
  2169 | D:3      | 2169 ||| INVOKING Fiery Armour.
  2172 | D:3      | Reached skill level 1 in Throwing
  2176 | D:3      | Reached skill level 6 in Unarmed Combat
  2392 | D:3      | 2392 ||| UPGRADING to +0 ice dragon scales.
  2402 | D:3      | 2402 ||| UPGRADING to +0 cloak.
  2407 | D:3      | 2407 ||| READING scroll labelled UXZOTSENYMP.
  2408 | D:3      | 2408 ||| READING scroll labelled SIUVVOTAO.
  2409 | D:3      | 2409 ||| READING scroll of teleportation.
  2429 | D:4      | 2429 ||| Stepping ~*~*~tactically~*~*~ (hiding).
  2430 | D:4      | 2430 ||| INVOKING Fiery Armour.
  2432 | D:4      | 2432 ||| Stepping ~*~*~tactically~*~*~ (stealth).
  2438 | D:4      | Reached skill level 1 in Armour
  2475 | D:4      | 2475 ||| DRINKING potion of curing.
  2475 | D:4      | 2475 ||| (to cure confusion)
  2479 | D:4      | 2479 ||| Stepping ~*~*~tactically~*~*~ (outnumbered).
  2482 | D:4      | Reached XP level 6. HP: 59/59 MP: 6/6
  2482 | D:4      | 2482 ||| Stepping ~*~*~tactically~*~*~ (outnumbered).
  2564 | D:4      | Reached skill level 7 in Unarmed Combat
  2637 | D:4      | Found a staircase to the Ecumenical Temple.
  2746 | D:4      | Found a radiant altar of Vehumet.
  2747 | D:4      | 2747 ||| INVOKING Fiery Armour.
  2926 | D:4      | Found a white marble altar of Elyvilon.
  2933 | D:4      | 2933 ||| INVOKING Fiery Armour.
  2944 | D:4      | Reached XP level 7. HP: 59/66 MP: 7/7
  3078 | D:4      | 3078 ||| READING scroll labelled ADUUMEISOL.
  3079 | D:4      | 3079 ||| DRINKING 3 lumpy cyan potions.
  3086 | D:5      | Entered Level 5 of the Dungeon
  3091 | D:5      | Reached skill level 8 in Unarmed Combat
  3265 | D:5      | Reached skill level 3 in Fighting
  3309 | D:5      | Noticed a troll
  3311 | D:5      | 3311 ||| Stepping ~*~*~tactically~*~*~ (stealth).
  3321 | D:5      | 3321 ||| INVOKING Fiery Armour.
  3322 | D:5      | Killed a troll
  3323 | D:5      | Reached skill level 3 in Armour
  3331 | D:5      | 3331 ||| Stepping ~*~*~tactically~*~*~ (stealth).
  3372 | D:5      | Noticed a two-headed ogre
  3384 | D:5      | Killed a two-headed ogre
  3385 | D:5      | Reached skill level 9 in Unarmed Combat
  3385 | D:5      | Reached XP level 8. HP: 48/75 MP: 8/8
  3425 | D:5      | Reached skill level 10 in Unarmed Combat
  3514 | D:5      | Found a bloodstained altar of Trog.
  3604 | D:5      | 3604 ||| Stepping ~*~*~tactically~*~*~ (stealth).
  3765 | D:5      | 3765 ||| Stepping ~*~*~tactically~*~*~ (stealth).
  3767 | D:5      | 3767 ||| Stepping ~*~*~tactically~*~*~ (stealth).
  3768 | D:5      | 3768 ||| Stepping ~*~*~tactically~*~*~ (stealth).
  3774 | D:5      | 3774 ||| Stepping ~*~*~tactically~*~*~ (stealth).
  4047 | D:5      | 4047 ||| DROPPING +0 robe.
  4048 | D:5      | 4048 ||| UPGRADING to +6 ring of strength.
  4049 | D:5      | 4049 ||| DROPPING ring of wizardry.
  4050 | D:5      | 4050 ||| READING scroll labelled GEKURURALI.
  4086 | D:6      | Noticed a hornet
  4095 | D:6      | 4095 ||| INVOKING Fiery Armour.
  4098 | D:6      | Killed a hornet
  4099 | D:6      | Reached XP level 9. HP: 26/85 MP: 9/9
  4099 | D:6      | 4099 ||| STAIRDANCE
  4206 | D:6      | 4206 ||| Stepping ~*~*~tactically~*~*~ (stealth).
  4210 | D:6      | 4210 ||| Stepping ~*~*~tactically~*~*~ (outnumbered).
  4218 | D:6      | Reached skill level 1 in Dodging
  4348 | D:6      | Identified the +8 plate armour "Onuyjenn" {rN+ Str+2 Dex-2}
  4433 | D:6      | Found an iron altar of Okawaru.
  4490 | D:6      | Noticed Eustachio
  4491 | D:6      | 4491 ||| INVOKING Fiery Armour.
  4496 | D:6      | 4496 ||| Stepping ~*~*~tactically~*~*~ (outnumbered).
  4497 | D:6      | 4497 ||| Stepping ~*~*~tactically~*~*~ (outnumbered).
  4498 | D:6      | 4498 ||| Stepping ~*~*~tactically~*~*~ (outnumbered).
  4499 | D:6      | 4499 ||| Stepping ~*~*~tactically~*~*~ (outnumbered).
  4505 | D:6      | 4505 ||| Stepping ~*~*~tactically~*~*~ (outnumbered).
  4515 | D:6      | Killed Eustachio
  4516 | D:6      | Reached skill level 11 in Unarmed Combat
  4539 | D:6      | 4539 ||| READING scroll of enchant armour.
  4539 | D:6      | 4539 ||| ENCHANTING +0 ice dragon scales.
  4550 | D:6      | Noticed Sigmund
  4554 | D:6      | Killed Sigmund
  4555 | D:6      | Reached skill level 3 in Throwing
  4629 | D:6      | 4629 ||| Stepping ~*~*~tactically~*~*~ (stealth).
  4633 | D:6      | 4633 ||| Stepping ~*~*~tactically~*~*~ (outnumbered).
  4648 | D:6      | 4648 ||| READING scroll of enchant armour.
  4648 | D:6      | 4648 ||| ENCHANTING +1 ice dragon scales.
  5017 | D:6      | Found a glowing silver altar of Zin.
  5019 | D:6      | Found a stormy altar of Qazlal.
  5021 | D:6      | Found an ornate altar of the Wu Jian Council.
  5022 | D:6      | 5022 ||| DRINKING 2 sapphire potions.
  5023 | D:6      | 5023 ||| READING 2 scrolls of identify.
  5023 | D:6      | 5023 ||| IDENTIFYING fizzy yellow potion
  5024 | D:6      | 5024 ||| DROPPING potion of flight.
  5025 | D:6      | 5025 ||| DROPPING potion of degeneration.
  5087 | D:6      | 5087 ||| Stepping randomly (stuck).
  5142 | D:7      | 5142 ||| STAIRDANCE
  5150 | D:7      | 5150 ||| Stepping ~*~*~tactically~*~*~ (outnumbered).
  5152 | D:7      | 5152 ||| Stepping ~*~*~tactically~*~*~ (outnumbered).
  5155 | D:7      | 5155 ||| Stepping ~*~*~tactically~*~*~ (outnumbered).
  5235 | D:7      | Identified the +5 short sword of Focus {venom, Drain rN+
                  | rCorr Dex+2}
  5250 | D:7      | Reached skill level 12 in Unarmed Combat
  5278 | D:7      | 5278 ||| READING scroll of enchant armour.
  5278 | D:7      | 5278 ||| ENCHANTING +2 ice dragon scales.
  5583 | D:7      | 5583 ||| Stepping ~*~*~tactically~*~*~ (stealth).
  5631 | D:7      | Reached XP level 10. HP: 59/96 MP: 10/10
  6022 | D:7      | 6022 ||| READING scroll labelled PYNUKH TUPH.
  6023 | D:7      | 6023 ||| READING scroll labelled ZIMO HIQUF.
  6046 | D:6      | 6046 ||| Stepping randomly (stuck).
  6161 | D:8      | 6161 ||| Stepping ~*~*~tactically~*~*~ (stealth).
  6235 | D:8      | 6235 ||| DRINKING 5 potions of curing.
  6235 | D:8      | 6235 ||| (to cure confusion)
  6295 | D:8      | 6295 ||| Stepping ~*~*~tactically~*~*~ (hiding).
  6298 | D:8      | 6298 ||| Stepping ~*~*~tactically~*~*~ (hiding).
  6299 | D:8      | 6299 ||| Stepping ~*~*~tactically~*~*~ (hiding).
  6300 | D:8      | 6300 ||| Stepping ~*~*~tactically~*~*~ (hiding).
  6301 | D:8      | 6301 ||| INVOKING Fiery Armour.
  6302 | D:8      | 6302 ||| Stepping ~*~*~tactically~*~*~ (hiding).
  6356 | D:8      | 6356 ||| Stepping ~*~*~tactically~*~*~ (hiding).
  6500 | D:8      | 6500 ||| Stepping ~*~*~tactically~*~*~ (stealth).
  6536 | D:8      | Reached skill level 13 in Unarmed Combat
  6624 | D:8      | 6624 ||| INVOKING Fiery Armour.
  6630 | D:8      | 6630 ||| Stepping ~*~*~tactically~*~*~ (outnumbered).
  6646 | D:8      | 6646 ||| Stepping ~*~*~tactically~*~*~ (outnumbered).
  6762 | D:8      | Found a staircase to the Lair.
  7062 | D:8      | 7062 ||| PLANNING LAIR
  7062 | D:8      | 7062 ||| DROPPING +0 troll leather armour.
  7063 | D:8      | 7063 ||| READING scroll labelled CUGEOG OSCHILEM.
  7088 | Lair:1   | Entered Level 1 of the Lair of Beasts
  7126 | Lair:1   | 7126 ||| Stepping ~*~*~tactically~*~*~ (stealth).
  7175 | Lair:1   | 7175 ||| INVOKING Fiery Armour.
  7176 | Lair:1   | 7176 ||| Stepping ~*~*~tactically~*~*~ (outnumbered).
  7225 | Lair:1   | 7225 ||| Stepping ~*~*~tactically~*~*~ (stealth).
  7227 | Lair:1   | 7227 ||| Stepping ~*~*~tactically~*~*~ (stealth).
  7230 | Lair:1   | 7230 ||| Stepping ~*~*~tactically~*~*~ (stealth).
  7232 | Lair:1   | 7232 ||| Stepping ~*~*~tactically~*~*~ (stealth).
  7237 | Lair:1   | 7237 ||| Stepping ~*~*~tactically~*~*~ (stealth).
  7246 | Lair:1   | 7246 ||| Stepping ~*~*~tactically~*~*~ (stealth).
  7247 | Lair:1   | 7247 ||| Stepping ~*~*~tactically~*~*~ (stealth).
  7250 | Lair:1   | Reached skill level 14 in Unarmed Combat
  7279 | Lair:1   | Noticed a cane toad
  7287 | Lair:1   | Killed a cane toad
  7320 | Lair:1   | Reached skill level 6 in Fighting
  7484 | Lair:1   | Noticed a cane toad
  7489 | Lair:1   | Killed a cane toad
  7538 | Lair:1   | Noticed a cane toad
  7539 | Lair:1   | 7539 ||| INVOKING Fiery Armour.
  7545 | Lair:1   | Killed a cane toad
  7644 | Lair:1   | Noticed a boulder beetle
  7645 | Lair:1   | 7645 ||| INVOKING Fiery Armour.
  7653 | Lair:1   | Killed a boulder beetle
  7654 | Lair:1   | Reached XP level 11. HP: 56/105 MP: 11/11
  8034 | Lair:1   | 8034 ||| Stepping ~*~*~tactically~*~*~ (outnumbered).
  8062 | Lair:1   | Noticed a fire dragon
  8073 | Lair:1   | Killed a fire dragon
  8074 | Lair:1   | Reached skill level 15 in Unarmed Combat
  8157 | Lair:1   | Identified the ring "Nytifeoq" {rC+ Will- rCorr Dex+7}
  8329 | Lair:1   | 8329 ||| PLANNING CONVERSION TO OKAWARU
  8465 | D:6      | Fell from the grace of Ignis
  8465 | D:6      | Became a worshipper of Warmaster Okawaru
  8466 | D:6      | 8466 ||| PLANNING LAIR
  8466 | D:6      | 8466 ||| DROPPING +2 robe of willpower.
  8467 | D:6      | 8467 ||| UPGRADING to ring "Nytifeoq" {rC+ Will- rCorr
                  | Dex+7}.
  8469 | D:6      | 8469 ||| DROPPING ring of resist corrosion.
  8470 | D:6      | 8470 ||| READING 3 scrolls of identify.
  8470 | D:6      | 8470 ||| IDENTIFYING brown potion
  8471 | D:6      | 8471 ||| READING 2 scrolls of identify.
  8471 | D:6      | 8471 ||| IDENTIFYING gluggy clear potion
  8472 | D:6      | 8472 ||| DROPPING potion of invisibility.
  8610 | Lair:2   | Noticed an eight-headed hydra
  8610 | Lair:2   | Noticed Fannar
  8612 | Lair:2   | 8612 ||| Stepping ~*~*~tactically~*~*~ (hiding).
  8613 | Lair:2   | 8613 ||| Stepping ~*~*~tactically~*~*~ (hiding).
  8617 | Lair:2   | 8617 ||| Stepping ~*~*~tactically~*~*~ (outnumbered).
  8618 | Lair:2   | 8618 ||| Stepping ~*~*~tactically~*~*~ (outnumbered).
  8619 | Lair:2   | 8619 ||| Stepping ~*~*~tactically~*~*~ (outnumbered).
  8621 | Lair:2   | HP: 20/105 [12-headed hydra (8)]
  8621 | Lair:2   | HP: 9/105 [12-headed hydra (11)]
  8622 | Lair:2   | 8622 ||| READING 3 scrolls of teleportation.
  8622 | Lair:2   | Slain by a 12-headed hydra

Levels and vault maps discovered:
D:1:      nzn_arrival_depleted_hourglass, layout_basic,
          chequers_decorated_corner, minmay_pentomino_o2
D:2:      layout_loops_corners, serial_bayou_pond_c, hex_tiny
D:3:      layout_loops_ring, mainiacjoe_overflow_concentric_impassable,
          mainiacjoe_overflow_catwalk, fedhas_altar_fruit_tree,
          minmay_statues_item
D:4:      layout_gridville, vehumet_statue, nicolae_overflow_crystal_walls,
          minmay_temple_entry_junction, minmay_liquid_box,
          minmay_misc_feat_columns
D:5:      layout_loops_corners, lemuel_crystal_altar, grunt_ministairs_14,
          minmay_manual_moon
D:6:      layout_loops_ring, nicolae_overflow_hidden_temple,
          mainiacjoe_overflow_six_doors_small, grunt_decor_junction,
          uniq_eustachio, uniq_sigmund
D:7:      layout_basic, minmay_misc_feat_encased
D:8:      minmay_spotlight, layout_basic, dpeg_oklobed_lair
Lair:1:   dragon1_lemuel, layout_cave_pods, st_stairs_4, serial_bayou_shore_b,
          serial_bayou_shore_a, grunt_megastairs_5, lemuel_fruit_tree
Lair:2:   layout_regular_city, elwin_shoals_entry_rocks, grunt_megastairs_2,
          uniq_fannar

Skill      XL: |  1  2  3  4  5  6  7  8  9 10 11 |
---------------+----------------------------------+-----
Unarmed Combat | 4 5 6 7 9 10 12 14 15 | 15.1
Throwing       | 1 2 3 |  3.4
Armour         | 1 3 4 |  4.2
Fighting       | 3 4 5 6 |  6.0
Dodging        | 1 |  1.3
Spellcasting   | |  1.0
Fire Magic     | |  2.1

Action                   |  1- 3 |  4- 6 |  7- 9 | 10-12 || total
-------------------------+-------+-------+-------+-------++-------
Melee: Unarmed           |    66 |   134 |   199 |   188 ||   587
       Punch             |       |     1 |     6 |    11 ||    18
Throw: Javelin           |       |    29 |    42 |    29 ||   100
       Boomerang         |       |       |       |    15 ||    15
Invok: Fiery Armour      |       |     4 |     3 |     5 ||    12
  Use: Scroll            |     3 |     4 |     6 |     6 ||    19
       Potion            |       |     2 |     2 |     1 ||     5
Armor: Robe              |    11 |    25 |       |       ||    36
       Ice dragon scales |       |    26 |   117 |   115 ||   258
Dodge: Dodged            |    26 |    42 |    68 |    44 ||   180

Table legend:
 A = Non-vault XP
 B = Vault XP
 C = Vault XP percentage of total XP
 D = Non-vault monster count
 E = Vault monster count
 F = Vault count percentage of total count
                 A         B        C        D         E       F
            +---------+---------+-------+---------+---------+-------
      Total |   10943 |    3116 |  22.2 |     198 |      15 |   7.0
            +---------+---------+-------+---------+---------+-------
        D:1 |      32 |       1 |   3.0 |      14 |       1 |   6.7
        D:2 |     105 |       0 |   0.0 |      20 |       0 |   0.0
        D:3 |     158 |       0 |   0.0 |      23 |       0 |   0.0
        D:4 |     477 |      32 |   6.3 |      29 |       1 |   3.3
        D:5 |     482 |    1345 |  73.6 |      10 |       7 |  41.2
        D:6 |    1591 |     395 |  19.9 |      25 |       2 |   7.4
        D:7 |     968 |       0 |   0.0 |      19 |       0 |   0.0
        D:8 |    1606 |     134 |   7.7 |      35 |       1 |   2.8
     Lair:1 |    5524 |    1209 |  18.0 |      23 |       3 |  11.5
            +---------+---------+-------+---------+---------+-------
